AoeStats
← 297539664

Arena

509631026Analyzed
4v4 RM · 5d ago on Sep 27, 2026· 53m 19s· 8 players
Game mode
Random Map
Map size
Large (8 player)
Population
200
Speed
Normal
Resources
Standard
Victory
Conquest
Starting age
Dark Age
Ending age
Imperial Age
RankedLock teamsTeams togetherTeam positionsShared explorationLock speedFull tech treeHidden civsTurbo modeCheats
Victory
Defeat
🇨🇳 Franks · China
1392
+14
🇺🇸 Mapuche · United States
1326
+17
🇹🇷 Poles · Türkiye
1322
+17
🇨🇳 Britons · China
1318
+17
🇹🇼 Danes · Taiwan
1398
-19
🇨🇳 Spanish · China
1333
-16
🇹🇼 Varangians · Taiwan
1319
-15
🇹🇼 Persians · Taiwan
1313
-15
weber
10:08 Feudal Age
11:37 Loom
14:07 Castle Age
12:40 Double-Bit Axe
12:36 Horse Collar
15:20 Bow Saw
15:20 Heavy Plow
18:57 Squires
19:04 Gambesons
20:30 Arson
21:57 Scale Mail Armor
26:16 Forging
27:36 Chain Mail Armor
28:16 Wheelbarrow
28:51 Gold Mining
28:54 Stone Mining
32:48 Imperial Age
31:20 Hand Cart
31:52 Iron Casting
32:26 Town Watch
32:51 Elite Varangian Guard
34:08 Plate Mail Armor
34:38 Blast Furnace
35:20 Blast Furnace
34:25 Capped Ram
35:27 Conscription
35:57 Gold Shaft Mining
35:59 Stone Shaft Mining
35:58 Siege Ram
37:48 Fletching
38:28 Caravan
39:07 Bodkin Arrow
41:49 Chemistry
43:42 Hamask
46:52 Pikeman
47:30 Halberdier
52:24 Coinage
amigopool
10:25 Feudal Age
14:23 Castle Age
13:10 Double-Bit Axe
13:08 Horse Collar
15:04 Bow Saw
16:37 Wheelbarrow
15:50 Loom
20:36 Heavy Plow
21:31 Gold Mining
23:30 Town Watch
23:53 Stone Mining
25:02 Gold Shaft Mining
25:01 Masonry
26:08 Hand Cart
26:30 Bloodlines
26:22 Husbandry
30:00 Imperial Age
29:26 Scale Barding Armor
29:32 Forging
29:52 Cavalier
30:54 Chain Barding Armor
31:08 Devotion
31:53 Crop Rotation
31:23 Murder Holes
32:29 Two-Man Saw
33:02 Conscription
33:27 Plate Barding Armor
32:56 Savar
34:34 Iron Casting
35:32 Chemistry
34:53 Ballistics
36:17 Hoardings
36:14 Architecture
39:10 Capped Ram
41:48 Blast Furnace
42:29 Citadels
43:56 Siege Ram
45:01 Light Cavalry
46:56 Hussar
51:47 Scale Mail Armor
y3imy3
8:44 Feudal Age
8:47 Loom
13:12 Castle Age
12:16 Double-Bit Axe
14:43 Horse Collar
24:21 Wheelbarrow
23:58 Bow Saw
25:44 Gold Mining
25:45 Stone Mining
30:04 Imperial Age
28:30 Squires
28:15 Arson
28:41 Treadmill Crane
29:20 Scale Mail Armor
30:20 Chain Mail Armor
30:17 Forging
30:23 Town Watch
30:40 Elite Varangian Guard
32:43 Plate Mail Armor
33:59 Iron Casting
37:18 Pikeman
39:27 Blast Furnace
38:22 Fletching
38:42 Heavy Plow
40:03 Halberdier
46:46 Husbandry
48:36 Conscription
48:25 Scale Barding Armor
12014665
10:30 Feudal Age
9:28 Loom
14:46 Castle Age
12:53 Horse Collar
14:52 Double-Bit Axe
21:41 Padded Archer Armor
29:15 Wheelbarrow
35:02 Imperial Age
33:00 Gold Mining
33:02 Stone Mining
33:13 Heavy Plow
33:41 Heavy Plow
34:54 Bow Saw
35:26 Scale Barding Armor
35:18 Cavalier
37:06 Forging
37:23 Hand Cart
37:45 Chain Barding Armor
37:54 Bloodlines
37:44 Husbandry
38:45 Iron Casting
40:07 Chemistry
39:02 Pikeman
39:51 Scale Mail Armor
41:37 Town Watch
41:16 Halberdier
41:58 Squires
43:06 Two-Man Saw
42:23 Chain Mail Armor
43:11 Blast Furnace
44:29 Stone Shaft Mining
44:49 Plate Mail Armor
47:21 Fletching
BoogStasher3000
10:36 Feudal Age
14:30 Castle Age
12:46 Fletching
16:26 Loom
17:14 Padded Archer Armor
17:19 Elite Skirmisher
21:32 Double-Bit Axe
23:29 Horse Collar
25:13 Bodkin Arrow
27:54 Ballistics
29:10 Pikeman
32:46 Heavy Plow
32:59 Bow Saw
35:27 Wheelbarrow
34:47 Gold Mining
36:41 Leather Archer Armor
39:36 Imperial Age
39:24 Hand Cart
39:49 Halberdier
40:48 Forging
41:10 Ring Archer Armor
42:04 Elite Bolas Rider
44:05 Gold Shaft Mining
44:38 Malon
45:02 Conscription
51:24 Chemistry
battal hoplatan
7:08 Loom
10:23 Feudal Age
12:07 Double-Bit Axe
15:52 Castle Age
17:12 Bow Saw
16:48 Horse Collar
18:38 Wheelbarrow
25:30 Heavy Plow
26:31 Hand Cart
27:05 Gold Mining
27:07 Stone Mining
30:12 Imperial Age
28:06 Scale Mail Armor
28:17 Forging
28:13 Stone Mining
28:10 Town Watch
28:58 Squires
28:44 Arson
29:16 Chain Mail Armor
30:14 Iron Casting
30:24 Elite Obuch
31:36 Plate Mail Armor
34:04 Blast Furnace
33:30 Fletching
34:53 Conscription
35:28 Town Patrol
35:24 Bodkin Arrow
36:50 Chemistry
36:11 Ballistics
38:09 Conscription
39:38 Murder Holes
41:37 Szlachta Privileges
42:45 Husbandry
43:07 Scale Barding Armor
43:02 Bracer
43:17 Bloodlines
44:11 Cavalier
44:45 Light Cavalry
48:16 Crop Rotation
47:30 Winged Hussar
49:51 Chain Barding Armor
53:06 Padded Archer Armor
297539664
9:52 Feudal Age
13:24 Castle Age
11:49 Double-Bit Axe
14:25 Bow Saw
18:58 Wheelbarrow
21:55 Loom
22:08 Gold Mining
24:30 Gold Shaft Mining
24:54 Loom
29:09 Imperial Age
27:06 Hand Cart
27:00 Scale Barding Armor
27:05 Forging
28:43 Chain Barding Armor
29:12 Husbandry
29:48 Iron Casting
31:03 Plate Barding Armor
30:34 Cavalier
32:38 Blast Furnace
32:06 Conscription
31:50 Chivalry
32:30 Paladin
38:57 Scale Mail Armor
40:00 Pikeman
40:25 Arson
40:41 Squires
41:56 Halberdier
44:18 Ordonnance Companies
44:19 Elite Throwing Axeman
46:21 Chain Mail Armor
49:21 Coinage
51:19 Plate Mail Armor
52:26 Light Cavalry
JieX
8:11 Loom
10:03 Feudal Age
14:03 Castle Age
12:17 Double-Bit Axe
12:45 Horse Collar
15:03 Wheelbarrow
15:18 Bow Saw
15:24 Heavy Plow
16:01 Loom
24:15 Murder Holes
24:30 Fortified Wall
25:45 Masonry
25:59 Fletching
27:54 Fletching
28:34 Bodkin Arrow
31:50 Imperial Age
29:36 Hand Cart
29:07 Town Watch
30:09 Gold Mining
31:37 Stone Mining
33:12 Conscription
32:55 Bracer
33:58 Chemistry
33:19 Ballistics
33:30 Ballistics
34:12 Two-Man Saw
34:44 Scale Mail Armor
34:54 Forging
34:35 Elite Longbowman
35:05 Pikeman
35:46 Squires
35:32 Gambesons
36:04 Chain Mail Armor
36:20 Halberdier
39:16 Yeomen
39:39 Plate Mail Armor
50:09 Gold Shaft Mining
50:05 Padded Archer Armor
50:40 Iron Casting
53:32 Blast Furnace
Connection lost

Rejoining the realm…

Still unreachable

The connection could not be restored.

Session expired

The server has moved on; the page needs a fresh start.